| TOP OF THE 1ST |
|
Tijuana Toros batting - Pitching for Portland Angels : RHP Hector Agudelo
|
|
Pitching: RHP Hector Agudelo
|
|
|
Batting: RHB Will Barksdale
|
0-0: Called Strike 0-1: Fly out, F9 (Flyball, 9S, EV 90.0 MPH)
|
|
Batting: RHB Guo Kwok
|
0-0: Ball 1-0: Ball 2-0: Ground out 6-3 (Groundball, 6, EV 89.4 MPH)
|
|
Batting: RHB Shiki Nomoto
|
0-0: Ground out 5-3 (Groundball, 5, EV 108.1 MPH)
|
| Top of the 1st over - 0 runs, 0 hits, 0 errors, 0 left on base; Tijuana 0 - Portland 0 |
| BOTTOM OF THE 1ST |
|
Portland Angels batting - Pitching for Tijuana Toros : LHP Antonio Sandoval
|
|
Pitching: LHP Antonio Sandoval
|
|
|
Batting: RHB Jose Garduno
|
0-0: Swinging Strike 0-1: Fly out, F7 (Flyball, 7, EV 78.1 MPH)
|
|
Batting: RHB Steve Neely
|
0-0: Called Strike 0-1: Ball 1-1: Hit by Pitch
|
|
Batting: RHB Scott Webb
|
0-0: Ball 1-0: Foul Ball, location: 2F 1-1: Foul Ball, location: 2F 1-2: Foul Ball, location: 2F 1-2: Strikes out looking
|
|
Batting: RHB Jesse Sargent
|
0-0: Called Strike 0-1: Ball 1-1: Ball 2-1: Fly out, F8 (Line Drive, 8LD, EV 105.6 MPH)
|
| Bottom of the 1st over - 0 runs, 0 hits, 0 errors, 1 left on base; Tijuana 0 - Portland 0 |
| TOP OF THE 2ND |
|
Tijuana Toros batting - Pitching for Portland Angels : RHP Hector Agudelo
|
|
Batting: RHB John Hanson
|
0-0: Ball 1-0: Ball 2-0: Swinging Strike 2-1: Foul Ball, location: 2F 2-2: Foul Ball, location: 2F 2-2: Ball 3-2: Foul Ball, location: 2F 3-2: Strikes out swinging
|
|
Batting: RHB Tan-ming Kwan
|
0-0: Called Strike 0-1: Ball 1-1: Fly out, F8 (Flyball, 89D, EV 91.2 MPH)
|
|
Batting: RHB Mario Diaz
|
0-0: SINGLE (Line Drive, 4D, EV 100.0 MPH)
|
|
Batting: RHB Clay Holgate
|
0-0: Foul Ball, location: 2F 0-1: Swinging Strike 0-2: Foul Ball, location: 2F 0-2: Fielders Choice at 2nd, 5-4 (Groundball, 5L, EV 84.4 MPH)
|
| Top of the 2nd over - 0 runs, 1 hit, 0 errors, 1 left on base; Tijuana 0 - Portland 0 |
| BOTTOM OF THE 2ND |
|
Portland Angels batting - Pitching for Tijuana Toros : LHP Antonio Sandoval
|
|
Batting: SHB Manuel Martinez
|
0-0: Ball 1-0: Called Strike 1-1: Ball 2-1: Swinging Strike 2-2: Strikes out swinging
|
|
Batting: LHB Kevin Feldman
|
0-0: Called Strike 0-1: Foul Ball, location: 2F 0-2: Strikes out swinging
|
|
Batting: LHB Doug Nebel
|
0-0: Called Strike 0-1: Foul Ball, location: 2F 0-2: Ball 1-2: Foul Ball, location: 2F 1-2: Foul Ball, location: 2F 1-2: Fly out, F7 (Flyball, 7D, EV 96.9 MPH)
|
| Bottom of the 2nd over - 0 runs, 0 hits, 0 errors, 0 left on base; Tijuana 0 - Portland 0 |
| TOP OF THE 3RD |
|
Tijuana Toros batting - Pitching for Portland Angels : RHP Hector Agudelo
|
|
Batting: LHB Gerardo Arriaga
|
0-0: Called Strike 0-1: Ground out 3-1 (Groundball, 34S, EV 85.6 MPH)
|
|
Batting: SHB Luis Diaz
|
0-0: Ball 1-0: Ball 2-0: Ball 3-0: Foul Ball, location: 2F 3-1: Swinging Strike 3-2: Strikes out swinging
|
|
Batting: RHB Will Barksdale
|
0-0: Called Strike 0-1: Fly out, F7 (Flyball, 7, EV 86.2 MPH)
|
| Top of the 3rd over - 0 runs, 0 hits, 0 errors, 0 left on base; Tijuana 0 - Portland 0 |
| BOTTOM OF THE 3RD |
|
Portland Angels batting - Pitching for Tijuana Toros : LHP Antonio Sandoval
|
|
Batting: RHB Mario Martinez
|
0-0: Called Strike 0-1: Called Strike 0-2: Ball 1-2: Foul Ball, location: 2F 1-2: SINGLE (Popup, 6MD, EV 58.1 MPH)
|
|
Batting: LHB John Harvey
|
0-0: Ball Mario Martinez is caught stealing 2nd base 2-6 1-0: Ground out 5-3 (Groundball, 56S, EV 66.9 MPH)
|
|
Batting: RHB Jose Garduno
|
0-0: Ball 1-0: Ball 2-0: Ball 3-0: Called Strike 3-1: Called Strike 3-2: SINGLE (Groundball, 34D, EV 96.9 MPH)
|
|
Batting: RHB Steve Neely
|
0-0: Called Strike 0-1: Ball 1-1: Fly out, F7 (Flyball, 78M, EV 87.5 MPH)
|
| Bottom of the 3rd over - 0 runs, 2 hits, 0 errors, 1 left on base; Tijuana 0 - Portland 0 |
| TOP OF THE 4TH |
|
Tijuana Toros batting - Pitching for Portland Angels : RHP Hector Agudelo
|
|
Batting: RHB Guo Kwok
|
0-0: Ball 1-0: Ground out 5-3 (Groundball, 5S, EV 80.6 MPH)
|
|
Batting: RHB Shiki Nomoto
|
0-0: Ball 1-0: Called Strike 1-1: Swinging Strike 1-2: Foul Ball, location: 2F 1-2: Strikes out swinging
|
|
Batting: RHB John Hanson
|
0-0: SINGLE (Groundball, 56S, EV 67.5 MPH) (infield hit)
|
|
Batting: RHB Tan-ming Kwan
|
0-0: Ball 1-0: Swinging Strike 1-1: Ball 2-1: SINGLE (Groundball, 4MS, EV 74.4 MPH) (infield hit) John Hanson to second
|
|
Batting: RHB Mario Diaz
|
0-0: Foul Ball, location: 2F 0-1: Ground out 3-1 (Groundball, 34, EV 97.5 MPH)
|
| Top of the 4th over - 0 runs, 2 hits, 0 errors, 2 left on base; Tijuana 0 - Portland 0 |
| BOTTOM OF THE 4TH |
|
Portland Angels batting - Pitching for Tijuana Toros : LHP Antonio Sandoval
|
|
Batting: RHB Scott Webb
|
0-0: Ball 1-0: Ball 2-0: DOUBLE (Flyball, 89D, EV 85.6 MPH)
|
|
Batting: RHB Jesse Sargent
|
0-0: Foul Ball, location: 2F 0-1: Foul Ball, location: 2F 0-2: Ball 1-2: Strikes out swinging
|
|
Batting: SHB Manuel Martinez
|
0-0: Foul Ball, location: 2F 0-1: Ball 1-1: Foul Ball, location: 2F 1-2: Strikes out swinging
|
|
Batting: LHB Kevin Feldman
|
0-0: Called Strike 0-1: Ball 1-1: Ball 2-1: Called Strike 2-2: Ball 3-2: Strikes out swinging
|
| Bottom of the 4th over - 0 runs, 1 hit, 0 errors, 1 left on base; Tijuana 0 - Portland 0 |
| TOP OF THE 5TH |
|
Tijuana Toros batting - Pitching for Portland Angels : RHP Hector Agudelo
|
|
Batting: RHB Clay Holgate
|
0-0: Called Strike 0-1: Swinging Strike 0-2: Strikes out swinging
|
|
Batting: LHB Gerardo Arriaga
|
0-0: Called Strike 0-1: Ball 1-1: Foul Ball, location: 2F 1-2: Strikes out looking
|
|
Batting: SHB Luis Diaz
|
0-0: Ball 1-0: Ball 2-0: Ball 3-0: Called Strike 3-1: Foul Ball, location: 2F 3-2: Foul Ball, location: 2F 3-2: Base on Balls
|
|
Batting: RHB Will Barksdale
|
0-0: Ball 1-0: Called Strike 1-1: Fly out, F3 (Popup, 3SF, EV 80.6 MPH)
|
| Top of the 5th over - 0 runs, 0 hits, 0 errors, 1 left on base; Tijuana 0 - Portland 0 |
| BOTTOM OF THE 5TH |
|
Portland Angels batting - Pitching for Tijuana Toros : LHP Antonio Sandoval
|
|
Batting: LHB Doug Nebel
|
0-0: Called Strike 0-1: Foul Ball, location: 2F 0-2: Strikes out swinging
|
|
Batting: RHB Mario Martinez
|
0-0: Called Strike 0-1: Foul Ball, location: 2F 0-2: Strikes out swinging
|
|
Batting: LHB John Harvey
|
0-0: Ball 1-0: Fly out, F5 (Popup, 56, EV 69.4 MPH)
|
| Bottom of the 5th over - 0 runs, 0 hits, 0 errors, 0 left on base; Tijuana 0 - Portland 0 |
| TOP OF THE 6TH |
|
Tijuana Toros batting - Pitching for Portland Angels : RHP Hector Agudelo
|
|
Batting: RHB Guo Kwok
|
0-0: Called Strike 0-1: Swinging Strike 0-2: Foul Ball, location: 2F 0-2: Foul Ball, location: 2F 0-2: Ground out 2-3 (Groundball, 2R, EV 75.0 MPH)
|
|
Batting: RHB Shiki Nomoto
|
0-0: SINGLE (Groundball, 4MD, EV 103.1 MPH) (infield hit)
|
|
Batting: RHB John Hanson
|
0-0: Foul Ball, location: 2F 0-1: SINGLE (Groundball, 6D, EV 108.1 MPH) Shiki Nomoto to second
|
|
Batting: RHB Tan-ming Kwan
|
0-0: Called Strike 0-1: Ball 1-1: Foul Ball, location: 2F 1-2: Fly out, F8 (Flyball, 8RM, EV 90.6 MPH)
|
|
Batting: RHB Mario Diaz
|
0-0: Ball 1-0: Called Strike 1-1: Fly out, F7 (Line Drive, 7S, EV 109.4 MPH)
|
| Top of the 6th over - 0 runs, 2 hits, 0 errors, 2 left on base; Tijuana 0 - Portland 0 |
| BOTTOM OF THE 6TH |
|
Portland Angels batting - Pitching for Tijuana Toros : LHP Antonio Sandoval
|
|
Batting: RHB Jose Garduno
|
0-0: Ball 1-0: Called Strike 1-1: Swinging Strike 1-2: Strikes out looking
|
|
Batting: RHB Steve Neely
|
0-0: Ball 1-0: Fly out, F8 (Flyball, 8LD, EV 98.8 MPH)
|
|
Batting: RHB Scott Webb
|
0-0: Foul Ball, location: 2F 0-1: Called Strike 0-2: Strikes out looking
|
| Bottom of the 6th over - 0 runs, 0 hits, 0 errors, 0 left on base; Tijuana 0 - Portland 0 |
| TOP OF THE 7TH |
|
Tijuana Toros batting - Pitching for Portland Angels : RHP Hector Agudelo
|
|
Batting: RHB Tony Vasquez
|
0-0: Called Strike 0-1: Ball 1-1: Ball 2-1: Ball 3-1: Base on Balls
|
|
Pitching: LHP Frank Comerford
|
|
|
Pinch Hitting: RHB Jerry Afghani
|
0-0: Ball 1-0: TRIPLE (Line Drive, 89XD, EV 110.0 MPH) Tony Vasquez scores
|
|
Pitching: RHP Marcell Luciano
|
|
|
Batting: SHB Luis Diaz
|
0-0: Swinging Strike 0-1: Ball 1-1: Called Strike 1-2: Strikes out swinging
|
|
Batting: RHB Will Barksdale
|
0-0: Intentional Walk
|
|
Batting: RHB Guo Kwok
|
0-0: Ball 1-0: Called Strike 1-1: Foul Ball, location: 2F 1-2: Foul Ball, location: 2F 1-2: Strikes out looking
|
|
Batting: RHB Shiki Nomoto
|
0-0: Swinging Strike 0-1: Foul Ball, location: 2F 0-2: Foul Ball, location: 2F 0-2: SINGLE (Line Drive, 5D, EV 96.2 MPH) Jerry Afghani scores Will Barksdale to second
|
|
Batting: RHB John Hanson
|
0-0: Ball 1-0: Ball 2-0: Called Strike 2-1: Ball 3-1: Base on Balls Will Barksdale to third Shiki Nomoto to second
|
|
Batting: RHB Tan-ming Kwan
|
0-0: Foul Ball, location: 2F 0-1: Called Strike 0-2: Ball 1-2: Strikes out looking
|
| Top of the 7th over - 2 runs, 2 hits, 0 errors, 3 left on base; Tijuana 2 - Portland 0 |
| BOTTOM OF THE 7TH |
|
Portland Angels batting - Pitching for Tijuana Toros : LHP Antonio Sandoval
|
|
Now in CF: Jerry Afghani
|
|
|
Now in RF: Tan-ming Kwan
|
|
|
Batting: RHB Jesse Sargent
|
0-0: Swinging Strike 0-1: Ground out 5-3 (Groundball, 56, EV 101.9 MPH)
|
|
Batting: SHB Manuel Martinez
|
0-0: Ball 1-0: Ball 2-0: Called Strike 2-1: Swinging Strike 2-2: Ball 3-2: Foul Ball, location: 2F 3-2: Strikes out swinging
|
|
Batting: LHB Kevin Feldman
|
0-0: Foul Ball, location: 2F 0-1: Ball 1-1: Foul Ball, location: 2F 1-2: Foul Ball, location: 2F 1-2: Ball 2-2: Foul Ball, location: 2F 2-2: Fly out, F8 (Flyball, 8LM, EV 93.8 MPH)
|
| Bottom of the 7th over - 0 runs, 0 hits, 0 errors, 0 left on base; Tijuana 2 - Portland 0 |
| TOP OF THE 8TH |
|
Tijuana Toros batting - Pitching for Portland Angels : RHP Marcell Luciano
|
|
Batting: RHB Mario Diaz
|
0-0: Foul Ball, location: 2F 0-1: Foul Ball, location: 2F 0-2: Ball 1-2: Ball 2-2: Fly out, F9 (Flyball, 89S, EV 81.2 MPH)
|
|
Batting: RHB Tony Vasquez
|
0-0: Ball 1-0: Swinging Strike 1-1: Ball 2-1: Ball 3-1: Base on Balls
|
|
Batting: RHB Jerry Afghani
|
0-0: Foul Ball, location: 2F 0-1: Foul Ball, location: 2F 0-2: Ball 1-2: Ball Tony Vasquez is caught stealing 2nd base 2-4 2-2: Ball 3-2: Foul Ball, location: 2F 3-2: Strikes out swinging
|
| Top of the 8th over - 0 runs, 0 hits, 0 errors, 0 left on base; Tijuana 2 - Portland 0 |
| BOTTOM OF THE 8TH |
|
Portland Angels batting - Pitching for Tijuana Toros : LHP Antonio Sandoval
|
|
Pinch Hitting: RHB Shawn Jansen
|
0-0: Called Strike 0-1: Foul Ball, location: 2F 0-2: Ball 1-2: Strikes out swinging
|
|
Pinch Hitting: SHB Cesar Carrasquillo
|
0-0: Foul Ball, location: 2F 0-1: Called Strike 0-2: Ball 1-2: Strikes out looking
|
|
Pinch Hitting: RHB Alex Rosaly
|
0-0: Ball 1-0: Called Strike 1-1: Ball 2-1: Ball 3-1: Swinging Strike 3-2: Foul Ball, location: 2F 3-2: Base on Balls
|
|
Pitching: RHP Chris Moody
|
|
|
Batting: RHB Jose Garduno
|
0-0: Fly out, F7 (Flyball, 7D, EV 96.2 MPH)
|
| Bottom of the 8th over - 0 runs, 0 hits, 0 errors, 1 left on base; Tijuana 2 - Portland 0 |
| TOP OF THE 9TH |
|
Tijuana Toros batting - Pitching for Portland Angels : RHP Marcell Luciano
|
|
Pitching: LHP Randy Boutilier
|
|
|
Now at 1B: Alex Rosaly
|
|
|
Now at SS: Fernando Sosa
|
|
|
Now in RF: David Coatney
|
|
|
Batting: SHB Luis Diaz
|
0-0: Ball 1-0: Ball 2-0: Foul Ball, location: 2F 2-1: Foul Ball, location: 2F 2-2: Ball 3-2: Strikes out swinging, 2-3 out at first.
|
|
Batting: RHB Will Barksdale
|
0-0: Foul Ball, location: 2F 0-1: Ground out 6-3 (Groundball, 6, EV 83.1 MPH)
|
|
Batting: RHB Guo Kwok
|
0-0: Ball 1-0: Called Strike 1-1: Ball 2-1: Foul Ball, location: 2F 2-2: Ball 3-2: Base on Balls
|
|
Batting: RHB Shiki Nomoto
|
0-0: Called Strike 0-1: Swinging Strike 0-2: Foul Ball, location: 2F 0-2: Fly out, F8 (Line Drive, 8RD, EV 111.2 MPH)
|
| Top of the 9th over - 0 runs, 0 hits, 0 errors, 1 left on base; Tijuana 2 - Portland 0 |
| BOTTOM OF THE 9TH |
|
Portland Angels batting - Pitching for Tijuana Toros : RHP Chris Moody
|
|
Pitching: RHP Bill Dyck
|
|
|
Pinch Hitting: LHB Jon Rahn
|
0-0: Ball 1-0: Swinging Strike 1-1: Foul Ball, location: 2F 1-2: Strikes out looking
|
|
Batting: RHB Scott Webb
|
0-0: Ball 1-0: Called Strike 1-1: DOUBLE (Flyball, 9LD, EV 97.5 MPH)
|
|
Batting: RHB Jesse Sargent
|
0-0: Called Strike 0-1: Foul Ball, location: 2F 0-2: Foul Ball, location: 2F 0-2: Strikes out swinging
|
|
Pinch Hitting: LHB Lupe Garcia
|
0-0: Called Strike 0-1: Ball 1-1: Ball 2-1: Called Strike 2-2: Strikes out swinging
|
| Bottom of the 9th over - 0 runs, 1 hit, 0 errors, 1 left on base; Tijuana 2 - Portland 0 |
|